 Dungeon Crawl Stone Soup version 0.30.0-17-ge0270778cf (webtiles) character file.

Game seed: 12161592571196759604

85 Leibowitz the Stinger (level 4, -13/54 HPs)
             Began as a Naga Venom Mage on May 20, 2023.
             Mangled by Pikel
             ... wielding a +1 whip of electrocution
              (17 damage)
             ... on level 4 of the Dungeon on May 21, 2023.
             The game lasted 00:10:56 (3450 turns).

Leibowitz the Stinger (Naga Venom Mage)             Turns: 3450, Time: 00:10:58

Health: -13/54     AC:  6    Str: 10    XL:     4   Next: 48%
Magic:  0/8        EV: 10    Int: 17    God:
Gold:   151        SH:  0    Dex: 12    Spells: 3/8 levels left

rFire   . . .        h - +0 dagger (venom)
rCold   . . .        (no shield)
rNeg    . . .        a - +0 robe
rPois   +            (no helmet)
rElec   .            (no cloak)
rCorr   .            (no gloves)
SInv    +            (no barding)
Will    .....        (no amulet) Stlth
                     s - +4 ring of protection
HPRegen 0.29/turn    (no ring)
MPRegen 0.11/turn

%: no passive effects
@: berserking, short of breath, quick
A: AC +1, large, see invisible, deformed body, poison resistance, slowness 2,
spit poison 1, naga tail 1
a: Spit Poison


You were on level 4 of the Dungeon.
You visited 1 branch of the dungeon, and saw 4 of its levels.

You collected 151 gold pieces.

Inventory:

Hand Weapons
 h - a +0 dagger of venom (weapon)
Armour
 a - a +0 robe (worn)
Jewellery
 s - a +4 ring of protection (left hand)
Scrolls
 e - a scroll of enchant armour {unknown}
 f - a scroll of immolation {unknown}
 i - a scroll of identify {unknown}
 j - a scroll of vulnerability {unknown}
 k - a scroll of teleportation {unknown}
 m - a scroll of fog {unknown}
 n - 2 scrolls of blinking {unknown}
 p - 2 scrolls of fear {unknown}
 q - a scroll of butterflies {unknown}
 t - a scroll of noise {unknown}
Potions
 b - a potion of magic
 c - a potion of haste {unknown}
 d - a potion of heal wounds {unknown}
 g - a potion of berserk rage
 l - 2 potions of brilliance {unknown}
 o - 2 potions of attraction {unknown}
 r - 2 potions of curing {unknown}


   Skills:
 + Level 0.1 Fighting
 + Level 1.6 Dodging
 + Level 3.2 Stealth
 + Level 0.2 Unarmed Combat
 * Level 2.8 Spellcasting
 + Level 1.0 Transmutations
 + Level 1.0 Air Magic
 * Level 5.5 Poison Magic


You had 3 spell levels left.
You knew the following spells:

 Your Spells              Type           Power      Damage    Failure   Level
a - Sting                 Tmut/Pois      52%        1d5       4%          1
b - Poisonous Vapours     Pois/Air       26%        N/A       7%          2
c - Cigotuvi's Dreadful   Necr/Pois/Air  18%        N/A       11%         2

Your spell library contained the following spells:

 Spells                   Type           Power      Damage    Failure   Level
 Mephitic Cloud           Conj/Pois/Air  9%         N/A       22%         3
 Olgreb's Toxic Radiance  Pois           21%        N/A       19%         4
 Dispel Undead            Necr           2%         3d7       87%         4
 Death Channel            Necr           1%         N/A       100%        6


Dungeon Overview and Level Annotations

Branches:
Dungeon (3/15)

Altars:
Gozag

Annotations:
D:4 Pikel


Innate Abilities, Weirdness & Mutations

Your serpentine skin is tough. (AC +1)
You have supernaturally acute eyesight. (SInv)
Armour fits poorly on your strangely shaped body.
Your system is resistant to poisons. (rPois)
You cover ground very slowly.
You can spit poison.
You have a snake-like lower body.


Message History

Poisonous vapours surround Pikel!
Pikel looks even sicker.
The lemure closely misses you.
You have got your breath back.
The lemure looks more healthy.
The lemure barely misses you. The lemure hits you but does no damage.
The lemure hits you. The lemure barely misses you.
The lemure closely misses you. The lemure hits you.
The lemure attacks as you move away! The lemure hits you! The lemure hits you.
* * * LOW HITPOINT WARNING * * *
Pikel waves his whip at you. The lemure attacks as you move away!
The lemure hits you.
* * * LOW HITPOINT WARNING * * *
The giant cockroach waves its antennae.
The lemure misses you.
Pikel cracks his whip.
Aiming: Spit Poison (1% risk of failure)
Press: ? - help, Shift-Dir - straight line, f/p - Pikel
Aim: Pikel, wielding a +1 whip of electrocution and wearing a +0 robe (severely wounded, 50% to hit)
The splash of poison misses Pikel.
The lemure closely misses you.
Casting: Poisonous Vapours (safe; 7% risk of failure)
Confirm with . or Enter, or press ? or * to list all spells.
Aiming: Sting (safe; 4% risk of failure)
Press: ? - help, Shift-Dir - straight line, f/p - Pikel
Aim: Pikel, wielding a +1 whip of electrocution and wearing a +0 robe (severely wounded, 64% to hit)
The sting hits Pikel.
Pikel is poisoned.
Pikel is severely wounded.
The lemure barely misses you.
Pikel hits you with a +1 whip of electrocution.
* * * LOW HITPOINT WARNING * * *
The giant cockroach bites you but does no damage.
It was a potion of berserk rage.
A red film seems to cover your vision as you go berserk!
You feel yourself moving faster!
You feel mighty! The giant cockroach closely misses you.
Pikel hits you with a +1 whip of electrocution.
* * * LOW HITPOINT WARNING * * *
You are electrocuted!
You die...

##......... .....
#. ...##.#..# .....
#.###.##..#.##.....
#..............#
#......#....#....#
#.....#.....######
#.5..(...5..#
#.K#5.##.####
#.@.#.##.#
#.5B5....#
#...###### #####


You could see Pikel (poisoned), 4 lemures and a giant cockroach.

Vanquished Creatures
  3 adders
  A worm (D:2)
  3 orcs (D:3)
  4 endoplasms (D:1)
  A giant cockroach (D:3)
  4 goblins
  5 hobgoblins
  3 jackals (D:1)
  4 kobolds
  2 quokkas (D:1)
  8 ball pythons
  3 bats
  4 frilled lizards
  4 rats
49 creatures vanquished.

Notes
Turn   | Place    | Note
-------+----------+-------------------------------------------
     0 | D:1      | Leibowitz the Naga Venom Mage began the quest for the Orb.
     0 | D:1      | Reached XP level 1. HP: 15/15 MP: 3/3
   179 | D:1      | Reached XP level 2. HP: 3/22 MP: 0/5
   229 | D:1      | Learned a level 2 spell: Poisonous Vapours
   317 | D:1      | Learned a level 2 spell: Cigotuvi's Dreadful Rot
   991 | D:2      | Found a faded altar of an unknown god.
   997 | D:2      | Reached XP level 3. HP: 26/28 MP: 0/6
  1342 | D:2      | Reached skill level 5 in Poison Magic
  1393 | D:2      | Found an opulent altar of Gozag.
  1793 | D:2      | Reached XP level 4. HP: 36/36 MP: 0/7
  2562 | D:3      | Reached skill level 1 in Air Magic
  3416 | D:3      | You fall into a shaft and drop 1 floor!
  3419 | D:4      | Noticed a lemure
  3420 | D:4      | Noticed Pikel
  3420 | D:4      | Noticed a lemure
  3421 | D:4      | Noticed a lemure
  3422 | D:4      | Noticed a lemure
  3450 | D:4      | Mangled by Pikel

Illustrated notes

Levels and vault maps discovered:
D:1:      psy_arrival_terrarium, layout_basic
D:2:      layout_loops_ring, hellmonk_ecumenical_altar_leap_of_faith,
          basic_altar, minivault_11, minmay_pentomino_w2
D:3:      layout_basic, corner_web_ring, kennysheep_generic_room_2
D:4:      layout_basic, elyvilon_altar_4, minmay_temple_entry_butterflies,
          portal_sewer_entry_b, hangedman_abyss_or_decor_lesser_grid, uniq_pikel

Skill      XL: |  1  2  3  4 |
---------------+-------------+-----
Poison Magic   | 5 |  5.5
Air Magic      | 1 |  1.0
Fighting       | |  0.1
Dodging        | |  1.6
Stealth        | |  3.2
Unarmed Combat | |  0.2
Spellcasting   | |  2.8
Transmutations | |  1.0

Action                     |  1- 3 |  4- 6 || total
---------------------------+-------+-------++-------
  Melee: Unarmed           |     4 |       ||     4
         Dagger            |    29 |     7 ||    36
   Cast: Sting             |    27 |    10 ||    37
         Poisonous Vapours |    23 |    29 ||    52
         Cigotuvi's Dreadf |     1 |       ||     1
Ability: Spit Poison       |     4 |     2 ||     6
    Use: Potion            |       |     1 ||     1
   Stab: Sleeping          |     4 |       ||     4
 Armour: Robe              |     8 |    15 ||    23
  Dodge: Dodged            |    26 |    19 ||    45
